 Dungeon Crawl Stone Soup version 0.25.1-2-g60ff931df9 (webtiles) character file.

Game seed: 13467382103542644755

56 Chiseanne the Covered (level 3, -1/27 HPs)
             Began as a Demonspawn Wanderer on Sept 30, 2020.
             Slain by a gnoll
             ... wielding a +0 flail
              (13 damage)
             ... on level 2 of the Dungeon.
             The game lasted 00:02:54 (1767 turns).

Chiseanne the Covered (Demonspawn Wanderer)         Turns: 1767, Time: 00:02:54

Health: -1/27      AC:  4    Str: 10    XL:     3   Next: 69%
Magic:  4/4        EV:  8    Int: 13    God:
Gold:   91         SH:  8    Dex: 15    Spells: 4/4 levels left

rFire    . . .     SeeInvis .   a - +0 hand axe
rCold    . . .     Gourm    .   b - +0 kite shield
rNeg     . . .     Faith    .   d - +0 robe
rPois    .         Spirit   .   l - +1 helmet
rElec    .         Reflect  .   e - scarf {+Inv}
rCorr    .         Harm     .   (no gloves)
MR       .....                  (no boots)
Stlth    +.........             (no amulet)
HPRegen  0.09/turn              (no ring)
MPRegen  0.09/turn              (no ring)

@: no status effects
A: spiny 1
a: Evoke Invisibility


You were on level 2 of the Dungeon.
You were not hungry.

You visited 1 branch of the dungeon, and saw 3 of its levels.

You collected 91 gold pieces.

Inventory:

Hand Weapons
 a - a +0 hand axe (weapon)
Missiles
 h - 4 boomerangs (quivered)
 k - 46 stones
Armour
 b - a +0 kite shield (worn)
 d - a +0 robe (worn)
 e - a scarf of invisibility (worn)
 l - a +1 helmet (worn)
Scrolls
 c - a scroll of teleportation
 g - 2 scrolls of identify
 i - a scroll of remove curse {unknown}
Potions
 j - a potion of degeneration {unknown}
 m - a potion of resistance {unknown}
Comestibles
 f - 4 rations
 n - 2 chunks of flesh


   Skills:
 * Level 2.2 Fighting
 - Level 1.0 Axes
 - Level 2.6 Armour
 * Level 2.6 Shields
 - Level 1.0 Spellcasting
   Level 1.0 Hexes
   Level 1.0 Poison Magic
 * Level 1.6 Evocations


You had 4 spell levels left.
You didn't know any spells.
Your spell library was empty.

Dungeon Overview and Level Annotations

Branches:
Dungeon (3/15)

Altars:


Innate Abilities, Weirdness & Mutations

You are partially covered in sharp spines.


Message History

The gnoll hits you with a +0 club.
You hit the gnoll.
The gnoll is moderately wounded.
The gnoll is struck by your spines. The gnoll hits you but does no damage.
Your shield prevents you from hitting the gnoll.
The gnoll is moderately wounded.
The gnoll is struck by your spines. The gnoll hits you with a +0 club.
You barely miss the gnoll.
The gnoll is heavily wounded.
You block the gnoll's attack.
You hit the gnoll.
The gnoll is moderately wounded.
The gnoll is struck by your spines. The gnoll hits you with a +0 flail.
You closely miss the gnoll.
The gnoll is severely wounded.
The gnoll is struck by your spines. The gnoll hits you with a +0 flail.
You hit the gnoll.
The gnoll is almost dead.
The gnoll hits you with a +0 flail!
You die...

### .# #.. .. #.#
.# ##.##.## ... ..
#.# .#
#.######)##.##.#
#.......gg@..).#
########S##....[=.
#.# ####### #.#
#.# #.# #.# #.#
#.#


You could see 2 gnolls and an adder.

Vanquished Creatures
  2 oozes (D:1)
  A worm (D:2)
  4 dart slugs (D:1)
  A leopard gecko (D:1)
  An orc (D:3)
  3 bats
  A giant cockroach (D:1)
  3 goblins
  7 hobgoblins (D:1)
  2 kobolds
  A ball python (D:3)
  2 frilled lizards
  6 rats
34 creatures vanquished.

Notes
Turn   | Place    | Note
-------+----------+-------------------------------------------
     0 | D:1      | Chiseanne the Demonspawn Wanderer began the quest for the
                  | Orb.
     0 | D:1      | Chiseanne set off with the following items: a +0 hand axe,
                  | a +0 kite shield, a scroll of teleportation, a +0 robe, a
                  | ration
     0 | D:1      | Reached XP level 1. HP: 15/15 MP: 2/2
   186 | D:1      | Gained mutation: You are partially covered in sharp spines.
                  | [demonic ancestry]
   186 | D:1      | Reached XP level 2. HP: 21/21 MP: 3/3
   374 | D:1      | Reached skill level 1 in Evocations
   761 | D:1      | Reached XP level 3. HP: 20/27 MP: 4/4
  1696 | D:2      | You fall into a shaft and drop 1 floor!
  1767 | D:2      | Slain by a gnoll

Illustrated notes

Levels and vault maps discovered:
D:1:      shiori_arrival_maze, layout_loops_ring
D:2:      layout_loops_ring, overflow_temple_1_default,
          nicolae_overflow_hidden_temple, first_ration, minivault_19
D:3:      layout_basic, ashenzari_altar_1, minivault_27

Skill      XL: |  1  2  3 |
---------------+----------+-----
Shields        | 2 |  2.6
Evocations     | 1 |  1.6
Fighting       | 2 |  2.2
Axes           | |  1.0
Armour         | |  2.6
Spellcasting   | |  1.0
Hexes          | |  1.0
Poison Magic   | |  1.0

Action                   || total
-------------------------++-------
Melee: Hand axe          ||    98
  Use: Scroll            ||     1
 Stab: Sleeping          ||     5
  Eat: Chunk             ||     3
Armor: Robe              ||     9
Dodge: Dodged            ||    28
Block: Kite shield       ||    44
